 Dungeon Crawl Stone Soup version 0.19-a0-1662-gb81896f (webtiles) character file.

5671 Naow the Severer (level 10, -3/94 HPs)
             Began as a Minotaur Berserker on Sept 21, 2016.
             Was an Elder of Trog.
             Succumbed to Sonja's curare-tipped needle
             ... on level 10 of the Dungeon.
             The game lasted 00:22:57 (8338 turns).

Naow the Severer (Minotaur Berserker)               Turns: 8338, Time: 00:22:58

Health: -3/94      AC:  8    Str: 29    XL:     10   Next: 47%
Magic:  9/9        EV: 11    Int:  4    God:    Trog [****..]
Gold:   492        SH:  0    Dex: 11    Spells: 0 memorised, 9 levels left

rFire  . . .     SeeInvis .     N - +2 hand axe (freeze)
rCold  . . .     Gourm    .     g - +0 scale mail
rNeg   . . .     Faith    .     (no shield)
rPois  .         Spirit   .     (helmet restricted)
rElec  .         Dismiss  .     J - +0 cloak (curse)
rCorr  .         Reflect  .     H - +0 pair of gloves
MR     ++...     Harm     .     (no boots)
Stlth  ..........               E - amulet of rage
                                (no ring)
                                (no ring)

@: mighty, lethally poisoned (-3 -> -31), exhausted, regenerating, slowed, very
slow
A: retaliatory headbutt, horns 2
a: Berserk, Trog's Hand, Brothers in Arms, Burn Spellbooks, Renounce Religion,
Evoke Berserk Rage


You were on level 10 of the Dungeon.
You worshipped Trog.
Trog was greatly pleased with you.
You were near starving.

You visited 1 branch of the dungeon, and saw 9 of its levels.

You collected 492 gold pieces.

Inventory:

Hand Weapons
 a - a +0 hand axe
 I - a cursed -2 mace
 L - a +0 war axe
 N - a +2 hand axe of freezing (weapon)
Armour
 b - a +0 animal skin
 g - a +0 scale mail (worn)
 s - a +0 cloak
 H - a +0 pair of gloves (worn)
 J - a cursed +0 cloak (worn)
Jewellery
 v - an uncursed amulet of harm
 E - an amulet of rage (around neck)
Wands
 y - a wand of paralysis (12/24)
 z - a wand of flame (36/48)
 B - a wand of random effects (23/48)
 C - a wand of hasting (4/9)
 M - a wand of iceblast (9/15)
 P - a wand of iceblast (8/15)
 R - a wand of enslavement (14/24)
Scrolls
 d - 2 scrolls of magic mapping {unknown}
 f - 7 scrolls of amnesia {unknown}
 h - 3 scrolls of fog {unknown}
 i - 6 scrolls of identify {unknown}
 n - a scroll of fear {unknown}
 p - a scroll of immolation {unknown}
 q - 5 scrolls of teleportation {unknown}
 r - a scroll of recharging {unknown}
 u - 3 scrolls of remove curse {unknown}
 x - 2 scrolls of blinking {unknown}
 G - 2 scrolls of enchant weapon {unknown}
 K - 2 scrolls of enchant armour {unknown}
Potions
 e - a potion of agility {unknown}
 j - 4 potions of might
 l - a potion of brilliance {unknown}
 o - a potion of curing {unknown}
 t - a potion of flight {unknown}
 w - a potion of heal wounds {unknown}
 A - 2 potions of mutation {unknown}
 F - 2 potions of cure mutation {unknown}
 Q - a potion of invisibility {unknown}
Comestibles
 c - 8 bread rations
 k - 5 fruits
 m - 9 meat rations
 D - 3 beef jerkies
 O - 5 slices of pizza


   Skills:
 + Level 10.6 Fighting
 + Level 15.3 Axes
 - Level 2.6 Armour
 - Level 2.1 Dodging


You had 9 spell levels left.
You didn't know any spells.

Dungeon Overview and Level Annotations

Branches:
Dungeon (8/15)             Temple (0/1) D:4            Lair (0/6) D:8

Altars:
Gozag
Sif Muna
Trog
Xom
Yredelemnul

Shops:
D:5 *

Annotations:
D:10 Sonja


Innate Abilities, Weirdness & Mutations

You reflexively headbutt those who attack you in melee.
You have a pair of horns on your head.


Message History

You feel extremely sick.
Sonja shoots a curare-tipped needle.
The curare-tipped needle barely misses you.
* * * LOW HITPOINT WARNING * * *
You feel extremely sick.
Sonja gestures wildly while chanting.
Sonja blinks!
Zapping:
y - a wand of paralysis (will waste charges)
Press: ? - help, Shift-Dir - straight line, f - Sonja
Aim: Sonja, wielding a blowgun (chance to defeat MR: 54%) Sonja suddenly stops moving!
Evoking this partially-identified wand wasted a few charges.
* * * LOW HITPOINT WARNING * * *
You feel extremely sick.
* * * LOW HITPOINT WARNING * * *
You feel extremely sick.
You see here 2 curare-tipped needles.
It was a potion of might.
You feel very mighty all of a sudden.
You die...

#.......#######
#.......#
#.......#
######.##
####...#
#....### #.####
#.# ##@####
#..(..# #..(..#
#........#
#K(..>####
##.#### #.# #..
###


You could see Sonja (paralysed).

Vanquished Creatures
  Joseph (D:10)
  3 hippogriffs
  A human (D:7)
  A yak (D:7)
  A wyvern (D:8)
  Eustachio (D:4)
  A hungry ghost (D:8)
  3 hogs (D:7)
  A water moccasin (D:10)
  An orc warrior (D:7)
  2 sky beasts (D:6)
  A black bear (D:8)
  A necrophage (D:7)
  2 centaurs
  2 ogres
  A wolf (D:10)
  2 crocodiles (D:10)
  2 big kobolds
  4 bullfrogs
  3 scorpions
  A wyvern skeleton (D:7)
  6 killer bees (D:8)
  3 wights (D:6)
  A howler monkey (D:6)
  3 crimson imps
  3 centaur zombies
  2 bullfrog zombies
  A quasit (D:10)
  8 hounds
  2 jellies
  5 orc wizards
  A bullfrog skeleton (D:8)
  5 iguanas
  Crazy Yiuf (D:7)
  5 worker ants
  Ijyb (D:3)
  A worker ant zombie (D:7)
  7 adders
  2 shadow imps
  2 oozes
  4 worms
  3 dart slugs
  4 leopard geckos
  23 orcs
  A ball python (D:6)
  6 giant cockroaches
  7 goblins
  9 hobgoblins
  13 jackals
  17 kobolds
  A quokka (D:3)
  4 bats
  12 frilled lizards
  A quokka skeleton (D:7)
  12 rats
211 creatures vanquished.

Vanquished Creatures (others)
  7 plants (D:8)
7 creatures vanquished.

Grand Total: 218 creatures vanquished

Notes
Turn   | Place    | Note
-------+----------+-------------------------------------------
     0 | D:1      | Naow the Minotaur Berserker began the quest for the Orb.
     0 | D:1      | Reached XP level 1. HP: 19/19 MP: 0/0
    56 | D:1      | Reached XP level 2. HP: 25/27 MP: 1/1
    62 | D:1      | Reached skill level 4 in Axes
   446 | D:1      | Reached ** piety under Trog
   448 | D:1      | Reached XP level 3. HP: 20/33 MP: 2/2
   953 | D:1      | Reached skill level 5 in Axes
  1504 | D:2      | Found a deep blue altar of Sif Muna.
  1860 | D:3      | Found a faded altar of an unknown god.
  1904 | D:3      | Found a shimmering altar of Xom.
  1977 | D:3      | Reached XP level 4. HP: 11/40 MP: 3/3
  2314 | D:3      | Noticed a hippogriff
  2322 | D:3      | Killed a hippogriff
  2322 | D:3      | Reached skill level 7 in Axes
  2322 | D:3      | Reached XP level 5. HP: 20/46 MP: 4/4
  2480 | D:3      | Reached XP level 6. HP: 52/52 MP: 5/5
  2542 | D:3      | Reached skill level 8 in Axes
  2963 | D:3      | Noticed Ijyb
  2972 | D:3      | Killed Ijyb
  3401 | D:4      | Found a staircase to the Ecumenical Temple.
  3417 | D:4      | Reached *** piety under Trog
  3437 | D:4      | Reached skill level 9 in Axes
  3696 | D:4      | Reached XP level 7. HP: 46/58 MP: 6/6
  3799 | D:4      | Noticed Eustachio
  3841 | D:4      | Killed Eustachio
  3841 | D:4      | Reached skill level 10 in Axes
  4209 | D:4      | Noticed a moth of wrath
  4212 | D:4      | Found a bloodstained altar of Trog.
  4361 | D:5      | Entered Level 5 of the Dungeon
  4446 | D:5      | Found an opulent altar of Gozag.
  4743 | D:5      | Found Gozag's Platinum Reserve.
  5220 | D:6      | Reached skill level 11 in Axes
  5220 | D:6      | Reached XP level 8. HP: 67/67 MP: 7/7
  5268 | D:6      | Reached skill level 5 in Fighting
  5330 | D:6      | Reached skill level 12 in Axes
  5776 | D:7      | Noticed a hippogriff
  5780 | D:7      | Killed a hippogriff
  5788 | D:7      | Reached skill level 13 in Axes
  5788 | D:7      | Reached XP level 9. HP: 57/78 MP: 8/8
  5899 | D:7      | Found a runed door.
  6107 | D:7      | Noticed Crazy Yiuf
  6113 | D:7      | Killed Crazy Yiuf
  6113 | D:7      | Reached **** piety under Trog
  6147 | D:7      | Found a basalt altar of Yredelemnul.
  6723 | D:7      | Reached skill level 14 in Axes
  7306 | D:8      | Reached XP level 10. HP: 70/91 MP: 9/9
  7649 | D:8      | Found a staircase to the Lair.
  7716 | D:8      | You fall through a shaft for 2 floors!
  7716 | D:10     | Entered Level 10 of the Dungeon
  7770 | D:10     | Noticed Joseph
  7782 | D:10     | Killed Joseph
  7782 | D:10     | Reached skill level 10 in Fighting
  7782 | D:10     | Reached skill level 15 in Axes
  8321 | D:10     | Noticed Sonja
  8337 | D:10     | HP: 2/94 [poisoned by Sonja (curare-tipped needle)]
  8338 | D:10     | Succumbed to Sonja's curare-tipped needle

Vault maps used:
D:1:      tarquinn_simple_flora_water_c, minmay_lizard_pond
D:2:      led_sif_pool, first_bread, lemuel_another_geyser
D:3:      lemuel_crystal_altar, ecumenical_altar_1, st_stairs_6, uniq_iyjb
D:4:      tgw_trog, uniq_eustachio
D:5:      nicolae_gozag_zags_fifth_avenue
D:6:      minmay_joined_circles
D:7:      lemuel_doored_altar, grunt_livestock, uniq_crazy_yiuf_cottage
D:8:      david_lair_shrubbed
D:10:     uniq_grum, uniq_sonja, uniq_joseph

Skill      XL: |  1  2  3  4  5  6  7  8  9 10 |
---------------+-------------------------------+-----
Axes           | 4 5 7 9 11 13 14 15 | 15.3
Fighting       | 4 6 9 10 | 10.6
Armour         | |  2.6
Dodging        | |  2.1

Action                   |  1- 3 |  4- 6 |  7- 9 | 10-12 || total
-------------------------+-------+-------+-------+-------++-------
Melee: Hand axe          |   119 |   100 |   382 |   121 ||   722
       Headbutt          |    13 |    15 |    81 |    24 ||   133
Invok: Berserk           |     1 |     2 |     3 |     1 ||     7
       Trog's Hand       |       |     2 |     9 |     2 ||    13
Evoke: Wand              |       |       |       |     1 ||     1
  Use: Potion            |       |       |       |     1 ||     1
  Eat: Chunk             |     3 |     4 |    18 |     3 ||    28
       Meat ration       |       |     1 |       |       ||     1
       Pizza             |       |       |       |     2 ||     2
Armor: Animal skin       |    20 |     3 |       |       ||    23
       Scale mail        |       |    10 |    89 |    43 ||   142
Dodge: Dodged            |    64 |    47 |   155 |    50 ||   316
